Map: Overgrown Facility

Players

Blitchiz - Winner!

  • Race: Zerg Zerg
  • League: Diamond
  • Spawn Location: 7:00

Comandante - Winner!

  • Race: Terran Terran
  • Spawn Location: 9:00

Mega

  • Race: Terran Terran
  • League: Diamond
  • Spawn Location: 3:00

thenephilium

  • Race: Zerg Zerg
  • League: Diamond
  • Spawn Location: 1:00

VOD

Have the link to the VOD?

Description

Time

  • Played on: June 6, 2017, 7:05 p.m.
  • Length: 6:43
Show
View Real Time Build Order
Export as new Build Order

Blitchiz Zerg - Winner!

Build Orders: Pool Only 

Get SALT Encoding   

  12  0:02  Drone  
  13  0:11  Drone  
  14  0:29  Spawning Pool  
  14  0:32  Extractor  
  12  0:38  Drone x2  
  14  1:15  Overlord  
  15  1:35  Drone x2  
  15  1:36  Drone  
  18  3:50  Spawning Pool  
  17  4:37  Zergling x2  
  17  4:38  Zergling x4  
Show
View Real Time Build Order
Export as new Build Order

Comandante Terran - Winner!

Build Orders:  

Get SALT Encoding   

  12  0:13  SCV  
  13  0:15  Supply Depot  
  13  0:25  SCV  
  14  0:37  SCV  
  15  0:57  SCV  
  15  1:01  Barracks  
  15  1:02  Barracks  
  16  1:04  Barracks  
  16  1:05  Barracks  
  16  1:09  SCV  
  17  1:26  Supply Depot, SCV  
  17  1:27  Barracks  
  17  1:28  Barracks  
  18  1:42  SCV  
  19  1:49  Marine x2  
  19  1:52  Supply Depot  
  19  1:54  Supply Depot, Marine x2  
  21  1:55  Orbital Command  
  23  2:06  Marine x2  
  25  2:12  Marine x2, Supply Depot  
  25  2:14  Marine  
  25  2:15  Marine  
  29  2:21  Supply Depot  
  29  2:24  Marine x2  
  29  2:25  Supply Depot  
  31  2:30  Marine x2  
  31  2:32  Marine  
  31  2:33  Marine  
  34  2:42  Marine x2  
  36  2:47  Marine  
  36  2:48  Marine  
  36  2:49  Marine  
  36  2:51  Marine  
  40  2:59  Supply Depot  
  40  3:00  Marine x2  
  40  3:05  Marine x2  
  42  3:07  Marine  
  42  3:08  Marine  
  46  3:18  Marine x2  
  48  3:23  Marine x2  
  48  3:25  Marine  
  48  3:26  Marine  
  52  3:35  Marine  
  52  3:36  Marine  
  52  3:41  Marine x2  
  54  3:43  Marine  
  54  3:44  Marine  
  58  3:53  Marine x2  
  60  3:59  Marine x2  
  60  4:01  Marine  
  60  4:02  Marine  
  61  4:11  Marine x2  
  61  4:16  Marine  
  54  4:19  Marine x2  
  54  4:20  Marine  
  56  4:29  Marine x2  
  57  4:34  Marine  
  57  4:37  Marine x3  
  61  4:47  Marine x2  
  61  4:50  Refinery  
  61  4:52  Marine  
  63  4:54  Marine  
  63  4:55  Marine x2  
  66  5:04  Marine  
  66  5:05  Marine  
  60  5:10  Marine  
  60  5:12  Marine  
  60  5:13  Marine x2  
  59  5:22  Marine x2  
  59  5:28  Marine  
  60  5:30  Marine x2  
  60  5:31  Marine  
  60  5:40  Marine x2  
  60  5:46  Marine  
  60  5:48  Marine x2  
  60  5:49  Marine  
  59  5:58  Marine x2  
  59  6:03  Marine  
  61  6:06  Marine x2  
  61  6:07  Marine  
  59  6:16  Marine x2  
  61  6:21  Marine  
  61  6:24  Marine x3  
Show
View Real Time Build Order
Export as new Build Order

Mega Terran 

Build Orders:  

Get SALT Encoding   

  12  0:01  SCV  
  13  0:13  SCV  
  14  0:18  Supply Depot  
  14  0:25  SCV  
  15  0:40  SCV  
  15  0:42  Barracks  
  16  0:45  Refinery  
  16  0:52  SCV  
  17  1:04  Barracks  
  17  1:06  SCV  
  18  1:17  Refinery  
  18  1:18  SCV  
  19  1:30  SCV  
  19  1:31  Reaper  
  21  1:46  Orbital Command  
  21  1:50  Supply Depot  
  21  1:51  Reaper  
  22  2:04  Reaper  
  23  2:13  SCV  
  24  2:24  Factory  
  23  2:41  SCV  
  24  2:45  Barracks Reactor  
  24  2:53  SCV  
  24  2:54  Barracks Tech Lab  
  24  2:55  Command Center  
  25  3:05  SCV  
  26  3:10  Hellion  
  28  3:13  Supply Depot  
  28  3:17  SCV  
  29  3:29  SCV  
  30  3:41  SCV  
  30  3:43  Hellion  
  30  3:44  Hellion  
  35  3:53  SCV  
  34  4:13  Hellion x2  
  34  4:15  Marine  
  34  4:16  Stimpack  
  37  4:19  SCV  
  37  4:21  Orbital Command  
  38  4:24  Marine  
  39  4:32  Marine  
  39  4:35  Hellion  
  39  4:36  Hellion  
  40  4:41  Starport  
  40  4:43  Barracks  
  40  4:57  Hellion x2  
  40  5:14  Marine  
  40  5:15  Marine  
  40  5:18  Hellion x2  
  40  5:21  Engineering Bay  
  42  5:35  Marine x2  
  42  5:39  Hellion  
  41  5:47  Marine  
  41  5:48  Hellion  
  40  5:52  Marine  
  40  5:56  Marine, Medivac  
  38  6:04  Marine  
  38  6:05  Supply Depot  
  33  6:18  Marine x2  
  33  6:22  Marine  
Show
View Real Time Build Order
Export as new Build Order

thenephilium Zerg 

Build Orders: Pool First 

Get SALT Encoding   

  12  0:01  Drone  
  13  0:14  Overlord  
  13  0:18  Drone  
  14  0:37  Drone  
  14  0:38  Drone x2  
  17  0:47  Spawning Pool  
  16  0:50  Drone  
  16  0:54  Extractor  
  16  1:01  Drone  
  17  1:19  Drone  
  18  1:26  Hatchery  
  17  1:35  Zergling x4  
  19  1:45  Queen  
  21  1:47  Zergling x2  
  22  1:56  Metabolic Boost  
  22  2:02  Overlord  
  22  2:15  Overlord  
  22  2:23  Drone  
  22  2:36  Zergling x2  
  22  2:46  Baneling Nest  
  21  2:51  Overlord  
  21  3:00  Drone  
  21  3:01  Drone x5  
  27  3:18  Zergling x8  
  16  3:52  Zergling x10  
  2  4:49  Hatchery  
  1  5:53  Drone x2  
Tags
 
Add a new tag
Caveats
  • Supply blocks, unpowered buildings, or Contaminate may cause inaccurate times.
  • Supply counts are checked every 10 seconds.